 Dungeon Crawl Stone Soup version 0.24.1 (webtiles) character file.

Game seed: 14945195515599179679, levelgen mode: deterministic

4577 lepoulpe303 the Covert (level 10, -16/49 HPs)
             Began as a Spriggan Enchanter on Mar 31, 2020.
             Was an Initiate of Gozag.
             Shot with a sling bullet by Joseph (27 damage)
             ... on level 8 of the Dungeon.
             The game lasted 00:53:45 (12835 turns).

lepoulpe303 the Covert (Spriggan Enchanter)        Turns: 12835, Time: 00:53:46

Health: -16/49     AC:  3    Str:  4    XL:     10   Next: 18%
Magic:  4/26       EV: 21    Int: 20    God:    Gozag
Gold:   1132       SH:  9    Dex: 17    Spells: 2/17 levels left

rFire    + . .     SeeInvis +   a - +1 rapier (holy)
rCold    . . .     Gourm    .   k - +0 buckler
rNeg     . . .     Faith    .   u - +0 robe {rF+} {rF+}
rPois    +         Spirit   .   (helmet restricted)
rElec    .         Reflect  +   j - +0 cloak
rCorr    .         Harm     .   (gloves unavailable)
MR       +....                  (boots unavailable)
Stlth    ++++......             y - +3 amulet of reflection
HPRegen  0.16/turn              C - ring of magical power {MP+9}
MPRegen  0.20/turn              P - ring of poison resistance

@: heavily drained, very quick
A: very small, unfitting armour, see invisible, herbivore, speed 3, slow
metabolism 2
a: Potion Petition, Call Merchant, Bribe Branch, Renounce Religion


You were on level 8 of the Dungeon.
You worshipped Gozag.
Gozag was most pleased with you.
You were not hungry.

You visited 1 branch of the dungeon, and saw 8 of its levels.
You also visited: Sewer.

You collected 1596 gold pieces.
You spent 440 gold pieces at shops.
You paid 24 gold pieces to Gozag.

Inventory:

Hand Weapons
 a - a +1 rapier of holy wrath (weapon)
 b - a +1 dagger
Armour
 j - a +0 cloak (worn)
 k - a +0 buckler (worn)
 u - a +0 robe of fire resistance (worn) {rF+}
Jewellery
 y - a +3 amulet of reflection (around neck)
 C - a ring of magical power (left hand) {MP+9}
 E - a +2 ring of protection
 P - a ring of poison resistance (right hand)
 R - an uncursed amulet of regeneration
Wands
 D - a wand of flame (12)
Scrolls
 c - a scroll of fear {unknown}
 f - 2 scrolls of fog
 i - 2 scrolls of identify
 o - 2 scrolls of random uselessness {unknown}
 s - a scroll of enchant armour {unknown}
 t - 2 scrolls of teleportation
 v - a scroll of blinking {unknown}
 w - 2 scrolls of remove curse
 F - 2 scrolls of magic mapping {unknown}
 I - a scroll of silence {unknown}
 J - a scroll of noise {unknown}
Potions
 d - a potion of lignification {!q}
 g - a potion of haste {unknown}
 h - a potion of ambrosia {unknown}
 l - 3 potions of heal wounds
 m - a potion of agility {unknown}
 n - 2 potions of resistance
 p - a potion of might {unknown}
 q - 2 potions of curing
 r - a potion of invisibility
 z - 2 potions of flight
 A - a potion of mutation {unknown}
 G - 2 potions of berserk rage {!q}
 H - a potion of brilliance
Comestibles
 e - 2 rations


   Skills:
 - Level 3.0(1.7) Fighting
 + Level 7.1(5.7) Short Blades
 - Level 8.0(6.6) Dodging
 + Level 10.6(9.1) Stealth
 - Level 4.0(2.7) Shields
 - Level 4.0(2.7) Spellcasting
 - Level 2.0(0.8) Conjurations
 - Level 8.3(6.8) Hexes
 - Level 2.0(0.8) Air Magic
 - Level 2.0(0.8) Poison Magic


You had 2 spell levels left.
You knew the following spells:

 Your Spells              Type           Power        Failure   Level  Hunger
a - Ensorcelled Hibernat  Hex/Ice        ###...       8%          2    ##.....
b - Tukima's Dance        Hex            ####....     3%          3    ###....
c - Confuse               Hex            ####....     3%          3    ###....
d - Dazzling Spray        Conj/Hex       ###...       12%         3    ###....
v - Corona                Hex            ####...      1%          1    None
x - Mephitic Cloud        Conj/Pois/Air  #.......     41%         3    ###....

Your spell library contained the following spells:

 Spells                   Type           Power        Failure   Level  Hunger
 Slow                     Hex            ####....     1%          2    ##.....
 Magic Dart               Conj           #...         14%         1    None
 Blink                    Tloc           N/A          30%         2    ##.....
 Call Imp                 Summ           #.......     30%         2    ##.....
 Conjure Flame            Conj/Fire      #.......     45%         3    ###....
 Bolt of Magma            Conj/Fire/Erth #.........   99%         5    ######.
 Iskenderun's Battlesphe  Conj/Chrm      #.......     99%         5    ######.
 Venom Bolt               Conj/Pois      #.........   99%         5    ######.
 Iron Shot                Conj/Erth      #.........   100%        6    #######
 Orb of Destruction       Conj           #.........   100%        7    #######
 Spellforged Servitor     Conj/Summ      #.........   100%        7    #######


Dungeon Overview and Level Annotations

Branches:
Dungeon (8/15)             Temple (0/1) D:5           Sewer (visited)
   Lair: D:8-11

Altars:
Ashenzari
Elyvilon
Gozag
Hepliaklqana
Kikubaaqudgha
Makhleb
Nemelex Xobeh
Sif Muna
Trog
Uskayaw
Xom
Yredelemnul
The Shining One

Shops:
D:5 =:*   D:6 =

Annotations:
D:6 3 runed translucent doors ; revenir avec rc+++, Sassenached's ghost, novice DrWn
D:8 Grum; Joseph; Psyche


Innate Abilities, Weirdness & Mutations

You are very small and have problems with some larger weapons.
You are too small for most types of armour.
You have supernaturally acute eyesight. (SInv)
You are a herbivore.
You cover ground extremely quickly.
You need to consume almost no food.


Message History

You feel drained.
* * * LOW HITPOINT WARNING * * *
You take 18 damage, and have 18/49 hp.
MASSIVE DAMAGE!!
You now have 3/26 mp.
You closely miss Joseph.
Joseph hits you with a +3 quarterstaff of draining.
* * * LOW HITPOINT WARNING * * *
You feel drained.
* * * LOW HITPOINT WARNING * * *
You take 7 damage, and have 11/49 hp.
Aim: Joseph, wielding a +3 quarterstaff of draining and wearing a cursed +0 ring mail (lightly wounded)
The bolt of acid hits Joseph!
Joseph is splashed with acid.
The acid corrodes Joseph!
The now-empty wand crumbles to dust.
Joseph unwields a +3 quarterstaff of draining.
Joseph wields a +1 hunting sling of flaming.
It bursts into flame!
Joseph shoots a sling bullet.
The sling bullet hits you!!
Ouch! That really hurt!
You die...
Your body crumbles into a pile of gold.

...###...#######.#
#####.)....<.....#
##...######### ##.## ###
########################
##(..##........@.@.......
##.###...#####.#####.###.#
#.## ##.## #.# .. .## ##.#
#.# ## .# .# #.# .# .# #.#
#.# ## #.. #.# ### #..


You could see Joseph.

Levels and vault maps discovered:
D:1:      onia_arrival_handbag, layout_rooms
D:2:      layout_rooms, grunt_gozag_breadcrumbs, lemuel_coloured_pillars_altar
D:3:      layout_rooms, doesnt_xom_only_xom, lemuel_round_altar,
          lemuel_crystal_altar, elyvilon_altar_5
D:4:      layout_basic, lemuel_crystal_altar, portal_sewer_entry_e,
          first_ration, uniq_natasha
D:5:      layout_loops_ring, overflow_temple_1_default, temple_green,
          serial_shops, shop, nicolae_shop_overgrown_old_shop,
          nicolae_shop_waterfront, mrwooster_statue_mirror, sword_in_stone
D:6:      layout_cave_pools, kennysheep_vampire_church, lemuel_round_altar,
          gammafunk_ghost_icy, serial_shops, shop, minmay_mini_ossuary
D:7:      layout_basic
D:8:      layout_loops_ring, nicolae_overflow_hidden_temple, uniq_psyche,
          uniq_erica, uniq_joseph, uniq_grum

Notes
Turn   | Place    | Note
-------+----------+-------------------------------------------
     0 | D:1      | lepoulpe303 the Spriggan Enchanter began the quest for the
                  | Orb.
     0 | D:1      | Reached XP level 1. HP: 9/9 MP: 5/5
     0 | D:1      | Identified a +0 club
    44 | D:1      | Reached XP level 2. HP: 10/13 MP: 6/6
    84 | D:1      | Reached skill level 5 in Stealth
   108 | D:1      | Identified a +0 whip
   153 | D:1      | Reached skill level 2 in Short Blades
   280 | D:1      | Identified a cursed -3 club
   449 | D:1      | Reached XP level 3. HP: 16/16 MP: 8/8
   454 | D:1      | Learned a level 3 spell: Confuse
   796 | D:2      | Identified a +0 whip
   890 | D:2      | Reached skill level 6 in Stealth
   894 | D:2      | Learned a level 2 spell: Ensorcelled Hibernation
   901 | D:1      | HP: 4/16 [poisoned by an adder]
  1169 | D:2      | Reached skill level 3 in Short Blades
  1214 | D:2      | Reached XP level 4. HP: 18/21 MP: 7/9
  1291 | D:2      | Found an opulent altar of Gozag.
  1326 | D:2      | Became a worshipper of Gozag Ym Sagoz the Greedy
  1752 | D:2      | You fall into a shaft and drop 1 floor!
  1753 | D:3      | Identified a +0 club
  1888 | D:2      | Found a glowing golden altar of the Shining One.
  2177 | D:3      | Identified a +0 dagger
  2214 | D:3      | Found a white marble altar of Elyvilon.
  2230 | D:3      | Reached skill level 7 in Stealth
  2230 | D:3      | Reached XP level 5. HP: 19/24 MP: 5/10
  2236 | D:3      | Learned a level 3 spell: Tukima's Dance
  2306 | D:3      | Found a shattered altar of Ashenzari.
  2334 | D:3      | Found a sparkling altar of Nemelex Xobeh.
  2338 | D:3      | Identified a cursed +0 spear
  2338 | D:3      | Identified a +0 whip
  2339 | D:3      | Identified a +0 flail
  2429 | D:3      | HP: 2/24 [gnoll (6)]
  2510 | D:3      | Reached skill level 4 in Short Blades
  2530 | D:3      | HP: 3/24 [gnoll/cursed +0 spear (5)]
  2967 | D:3      | Found a basalt altar of Yredelemnul.
  2967 | D:3      | Identified a +0 short sword
  2969 | D:3      | Found a hazy altar of Hepliaklqana.
  2969 | D:3      | Found an opulent altar of Gozag.
  2972 | D:3      | Found a white marble altar of Elyvilon.
  2972 | D:3      | Found a burning altar of Makhleb.
  2972 | D:3      | Found a shimmering altar of Xom.
  3088 | D:4      | Identified 2 scrolls of fog
  3089 | D:4      | Identified 2 scrolls of identify
  3089 | D:4      | Identified a ring of protection (You found it on level 2 of
                  | the Dungeon)
  3091 | D:4      | Identified a ring of poison resistance (You found it on
                  | level 2 of the Dungeon)
  3096 | D:4      | Found a hide-covered altar of Uskayaw.
  3204 | D:4      | Identified a scroll of remove curse
  3205 | D:4      | Identified a scroll of amnesia
  3222 | D:4      | Identified a +0 war axe
  3228 | D:4      | Identified a +0 short sword
  3228 | D:4      | Identified a +0 leather armour
  3232 | D:4      | Identified a +0 hand axe
  3232 | D:4      | Identified a +0 dagger
  3232 | D:4      | Identified a +0 robe
  3349 | D:4      | Noticed Natasha
  3354 | D:4      | Killed Natasha
  3354 | D:4      | Reached skill level 8 in Stealth
  3354 | D:4      | Reached XP level 6. HP: 28/28 MP: 11/11
  3541 | D:4      | Found a glowing drain.
  3547 | Sewer    | Entered a sewer
  3755 | Sewer    | Reached skill level 5 in Short Blades
  3778 | Sewer    | Identified a +0 cloak (You found it on level 4 of the
                  | Dungeon)
  4056 | Sewer    | Identified 2 potions of curing
  4068 | Sewer    | Identified 2 potions of lignification
  4094 | Sewer    | Identified 2 potions of invisibility
  4095 | Sewer    | Identified 2 potions of resistance
  4182 | Sewer    | Identified a potion of brilliance
  4183 | Sewer    | Identified a potion of berserk rage
  4188 | Sewer    | Identified a potion of flight
  4337 | Sewer    | Reached skill level 3 in Spellcasting
  4510 | D:4      | Noticed Natasha
  4747 | D:4      | Reached skill level 4 in Hexes
  5113 | D:4      | Identified a +0 robe
  5116 | D:4      | Reached skill level 1 in Shields
  5151 | D:3      | Identified a +0 buckler (You found it in a sewer)
  5650 | D:4      | Killed Natasha
  5650 | D:4      | Reached XP level 7. HP: 32/32 MP: 9/13
  5657 | D:4      | Learned a level 3 spell: Dazzling Spray
  5764 | D:4      | Reached skill level 4 in Spellcasting
  5918 | D:5      | Entered Level 5 of the Dungeon
  5918 | D:5      | Identified a +1 rapier of holy wrath
  5918 | D:5      | Identified a +0 leather armour
  5918 | D:5      | Noticed Eustachio
  5918 | D:5      | Identified a +0 falchion
  5918 | D:5      | Identified a +0 scale mail
  5929 | D:5      | Identified a +0 great sword
  5929 | D:5      | Identified a +0 plate armour
  5931 | D:5      | Killed Eustachio
  5931 | D:5      | Reached skill level 2 in Shields
  5931 | D:5      | Reached skill level 5 in Hexes
  5938 | D:5      | Identified a +0 falchion
  5938 | D:5      | Identified a +0 ring mail
  5938 | D:5      | Identified a +0 great sword
  5938 | D:5      | Identified a +0 plate armour
  5939 | D:5      | Identified a +0 falchion
  5939 | D:5      | Identified a +0 chain mail
  5939 | D:5      | Identified a +0 shield
  6043 | D:5      | Found Jac Hum's Book Shoppe.
  6045 | D:5      | Identified a +0 giant club
  6046 | D:5      | Bought a book of Minor Magic for 240 gold pieces
  6052 | D:5      | Reached skill level 6 in Hexes
  6220 | D:5      | Found Gecruarous's Jewellery Emporium.
  6220 | D:5      | Identified a +0 giant club
  6251 | D:5      | Identified a +0 robe of fire resistance (You found it on
                  | level 5 of the Dungeon)
  6263 | D:5      | Identified a +0 shortbow
  6338 | D:5      | Reached skill level 7 in Hexes
  6477 | D:5      | Identified 2 potions of degeneration
  6500 | D:5      | Reached XP level 8. HP: 36/36 MP: 15/15
  6594 | D:5      | Found a staircase to the Ecumenical Temple.
  6594 | D:5      | Identified a +0 giant club
  6595 | D:5      | Identified a +0 shortbow
  6623 | D:5      | Reached skill level 8 in Hexes
  6963 | D:5      | Learned a level 3 spell: Mephitic Cloud
  7002 | D:5      | Found a hazy altar of Hepliaklqana.
  7011 | D:5      | Identified a +0 shortbow
  7232 | D:5      | Identified a +0 whip
  7232 | D:5      | Identified a cursed -2 club
  7232 | D:5      | Identified a +0 spear
  7253 | D:5      | Identified an amulet of the gourmand (You found it on level
                  | 5 of the Dungeon)
  7256 | D:5      | Identified a ring of strength (You found it on level 5 of
                  | the Dungeon)
  7280 | D:5      | Found Ywyfirer's Assorted Antiques.
  7295 | D:5      | Reached skill level 1 in Fighting
  7295 | D:5      | Reached skill level 1 in Air Magic
  7295 | D:5      | Reached skill level 1 in Poison Magic
  7319 | D:5      | Reached skill level 4 in Dodging
  7746 | D:5      | Reached skill level 2 in Poison Magic
  7779 | D:6      | Noticed Sassenached's ghost (novice DrWn)
  7779 | D:6      | Identified a +0 dagger
  7779 | D:6      | Identified a +0 robe
  7780 | D:6      | Identified a +0 dagger
  7780 | D:6      | Identified a +0 robe
  7780 | D:6      | Identified a +0 short sword
  7781 | D:6      | Identified a +0 dagger
  7781 | D:6      | Identified a +0 robe
  7813 | D:6      | Reached skill level 2 in Air Magic
  7854 | D:6      | Identified an amulet of reflection (You found it on level 6
                  | of the Dungeon)
  7879 | D:6      | Identified a +0 short sword
  7891 | D:6      | Reached skill level 2 in Fighting
  7909 | D:6      | Reached skill level 5 in Dodging
  7909 | D:6      | Reached skill level 3 in Shields
  7932 | D:6      | Found a bloodstained altar of Trog.
  8043 | D:6      | HP: 9/39 [poisoned by a water moccasin]
  8049 | D:6      | HP: 7/39 [poisoned by a water moccasin]
  8055 | D:6      | HP: 5/39 [poisoned by a water moccasin]
  8062 | D:6      | HP: 4/39 [poisoned by a water moccasin]
  8069 | D:5      | HP: 3/39 [poisoned by a water moccasin]
  8077 | D:5      | HP: 2/39 [poisoned by a water moccasin]
  8482 | D:6      | Found Muunuc's Jewellery Emporium.
  8486 | D:6      | Found a runed translucent gate.
  8486 | D:6      | Found a runed translucent gate.
  8488 | D:6      | Identified a +0 club
  8489 | D:6      | Identified a +0 dagger
  8489 | D:6      | Identified a +0 robe
  8490 | D:6      | Identified a +0 dagger
  8490 | D:6      | Identified a +0 robe
  8491 | D:6      | Identified a +0 hand axe
  8491 | D:6      | Identified a +0 club
  8491 | D:6      | Identified a +0 ring mail
  8491 | D:6      | Identified a +0 trident
  8491 | D:6      | Identified a +0 scale mail
  8491 | D:6      | Identified a +0 dagger
  8784 | D:5      | Reached XP level 9. HP: 20/43 MP: 12/16
  9128 | D:6      | Reached skill level 1 in Conjurations
  9248 | D:6      | Reached skill level 6 in Dodging
  9369 | D:6      | Bought an uncursed ring of magical power for 200 gold
                  | pieces
  9530 | D:6      | Found a runed translucent gate.
  9573 | D:6      | Found an ancient bone altar of Kikubaaqudgha.
  9762 | D:7      | Identified a +0 club
  9763 | D:7      | Identified a +0 dagger
  9764 | D:7      | Identified a +0 short sword
  9764 | D:7      | Identified a +0 leather armour
  9765 | D:7      | Identified a +0 whip
  9765 | D:7      | Identified a +0 chain mail
  9836 | D:7      | Identified an amulet of regeneration (You found it on level
                  | 6 of the Dungeon)
  9837 | D:7      | Identified a ring of teleportation (You found it on level 7
                  | of the Dungeon)
  9839 | D:7      | Identified 2 potions of heal wounds
  9862 | D:7      | Identified a +0 shortbow
  9865 | D:7      | Reached skill level 3 in Fighting
  9906 | D:7      | Reached skill level 2 in Conjurations
 10321 | D:7      | Reached skill level 7 in Dodging
 10321 | D:7      | Reached skill level 4 in Shields
 10568 | D:7      | Reached skill level 8 in Dodging
 10672 | D:7      | Identified a +0 trident
 10732 | D:7      | Identified a +0 dagger
 10732 | D:7      | Identified a cursed +0 robe
 10732 | D:7      | Identified a +0 flail
 10732 | D:7      | Identified a +0 leather armour
 10733 | D:7      | Identified a +0 short sword
 10879 | D:8      | Identified a +0 club
 10903 | D:8      | Identified a +0 shortbow
 11138 | D:8      | Identified a +0 dagger of chaos
 11138 | D:8      | Identified a +2 robe of magic resistance
 11138 | D:8      | Noticed Psyche
 11361 | D:8      | Found a shimmering blue altar of Sif Muna.
 11711 | D:8      | Reached skill level 9 in Stealth
 11890 | D:8      | Identified a +4 battleaxe of freezing
 11890 | D:8      | Identified a +0 robe
 11893 | D:8      | Identified a +0 falchion
 11893 | D:8      | Identified a +0 robe
 11905 | D:8      | Identified a +0 halberd
 11905 | D:8      | Identified a +0 robe
 11915 | D:8      | Reached skill level 6 in Short Blades
 11921 | D:8      | Identified a +0 spear
 11921 | D:8      | Identified a +0 animal skin
 11921 | D:8      | Noticed Grum
 12234 | D:8      | Identified a +0 dagger
 12234 | D:8      | Identified a +0 robe
 12234 | D:8      | Identified a +0 dagger
 12234 | D:8      | Identified a +0 robe
 12345 | D:8      | Identified a +2 scimitar of flaming
 12345 | D:8      | Identified a +1 robe
 12345 | D:8      | Noticed Erica
 12363 | D:8      | Reached XP level 10. HP: 49/49 MP: 17/17
 12400 | D:8      | Killed Erica
 12400 | D:8      | Reached skill level 7 in Short Blades
 12400 | D:8      | Reached skill level 10 in Stealth
 12447 | D:8      | HP: 12/49 [Psyche/+0 dagger of chaos (15)]
 12448 | D:8      | HP: 3/49 [Psyche/+0 dagger of chaos (5)]
 12449 | D:8      | HP: 1/49 [Psyche/+0 dagger of chaos (2)]
 12451 | D:8      | Identified 3 scrolls of teleportation
 12818 | D:8      | Identified a +3 quarterstaff of draining
 12818 | D:8      | Identified a +1 hunting sling of flaming
 12818 | D:8      | Identified a cursed +0 ring mail
 12818 | D:8      | Noticed Joseph
 12833 | D:8      | HP: 12/49 [Joseph/+3 quarterstaff of draining (6)]
 12835 | D:8      | Shot with a sling bullet by Joseph

Table legend:
 A = Turns spent in this place as a percentage of turns spent in the entire game.
 B = Non-inter-level travel turns spent in this place as a percentage of non-inter-level travel turns spent in the entire game.
 C = Inter-level travel turns spent in this place as a percentage of turns spent in this place.
 D = Turns resting spent in this place as a percentage of non-inter-level travel turns spent in this place.
 E = Turns spent auto-exploring this place as a percentage of non-inter-level travel turns spent in this place.
 F = Non-inter-level travel turns spent in this place divided by the number of levels of this place that you've seen.
                   A       B       C       D       E      F
               +-------+-------+-------+-------+-------+----------------------
         Total | 100.0 | 100.0 |   3.1 |  37.2 |  30.3 | 1381.4
       Dungeon |  92.9 |  92.7 |   3.4 |  39.9 |  29.8 | 1440.2
         Sewer |   7.1 |   7.3 |   0.0 |   2.7 |  37.5 | 911.0
               +-------+-------+-------+-------+-------+----------------------

Table legend:
 A = Kills in this place as a percentage of kills in entire the game.
 B = Kills by you in this place as a percentage of kills by you in the entire game.
 C = Kills by friends in this place as a percentage of kills by friends in the entire game.
 D = Other kills in this place as a percentage of other kills in the entire game.
 E = Experience gained in this place as a percentage of experience gained in the entire game.
 F = Experience gained in this place divided by the number of levels of this place that you have seen.
                   A       B       C       D       E      F
               +-------+-------+-------+-------+-------+----------------------
         Total | 100.0 | 100.0 |   N/A |   N/A | 100.0 | 726.6
       Dungeon |  87.2 |  87.2 |   N/A |   N/A |  98.9 | 808.0
         Sewer |  12.8 |  12.8 |   N/A |   N/A |   1.1 |  75.0
               +-------+-------+-------+-------+-------+----------------------

Skill      XL: |  1  2  3  4  5  6  7  8  9 10 |
---------------+-------------------------------+-----
Stealth        | 5 6 7 8 9 10 | 10.6
Short Blades   | 2 3 4 5 6 7 |  7.1
Spellcasting   | 3 4 |  4.0
Hexes          | 4 7 8 |  8.3
Shields        | 1 2 3 4 |  4.0
Fighting       | 2 3 |  3.0
Air Magic      | 2 |  2.0
Poison Magic   | 2 |  2.0
Dodging        | 5 8 |  8.0
Conjurations   | 2 |  2.0

Action                   |  1- 3 |  4- 6 |  7- 9 | 10-12 || total
-------------------------+-------+-------+-------+-------++-------
Melee: Dagger            |   113 |   462 |   221 |       ||   796
       Rapier            |       |       |   423 |    13 ||   436
 Cast: Corona            |     1 |     1 |       |       ||     2
       Confuse           |     6 |     7 |    19 |    13 ||    45
       Ensorcelled Hiber |     1 |    21 |    25 |       ||    47
       Tukima's Dance    |       |     1 |     1 |       ||     2
       Dazzling Spray    |       |       |    13 |     4 ||    17
Evoke: Wand              |       |       |    11 |     3 ||    14
  Use: Scroll            |       |     5 |     7 |     1 ||    13
       Potion            |       |     6 |     1 |       ||     7
 Stab: Sleeping          |    11 |    24 |    32 |       ||    67
       Confused          |     2 |     5 |    11 |     5 ||    23
       Distracted        |       |     1 |     1 |       ||     2
       Invisible         |       |       |     5 |       ||     5
       Paralysed         |       |       |     3 |       ||     3
  Eat: Ration            |       |     3 |     6 |     1 ||    10
Armor: Robe              |     5 |    66 |    36 |       ||   107
Dodge: Dodged            |    90 |   388 |   351 |    14 ||   843
Block: Buckler           |       |     6 |   229 |     6 ||   241

Vanquished Creatures
  Erica (D:8)
  A hippogriff (D:7)
  Eustachio (D:5)
  A hungry ghost (D:7)
  A water moccasin (D:5)
  3 orc warriors (D:5)
  A phantom (D:7)
  A sky beast (D:8)
  An eye of draining (D:6)
  A wolf (D:8)
  3 ogres (D:5)
  5 centaurs
  A crocodile (D:8)
  2 bullfrogs (D:6)
  2 scorpions
  5 wights
  4 killer bees (D:8)
  2 howler monkeys
  2 vampire bats (D:6)
  3 crimson imps
  A jelly (D:7)
  3 orc priests
  2 hounds
  A bullfrog skeleton (D:6)
  9 orc wizards
  A centaur skeleton (D:4)
  2 iguanas
  Natasha (twice) (D:4)
  6 worker ants
  A mummy (D:6)
  A worker ant zombie (D:6)
  8 gnolls
  A river rat (D:4)
  11 adders
  A howler monkey skeleton (D:6)
  2 shadow imps
  7 oozes
  3 worms (Sewer)
  3 dart slugs
  4 leopard geckos
  19 orcs
  5 ball pythons
  15 bats
  2 bat skeletons (D:6)
  3 bat zombies (D:6)
  8 giant cockroaches
  5 goblins
  5 hobgoblins
  4 jackals (Sewer)
  2 frilled lizards
  3 hobgoblin zombies (D:6)
  8 kobolds
  A kobold zombie (D:6)
  A leopard gecko zombie (D:7)
  12 rats
203 creatures vanquished.

Vanquished Creatures (others)
  2 dancing weapons
2 creatures vanquished.

Grand Total: 205 creatures vanquished
